 Dungeon Crawl Stone Soup version 0.21-a0-163-g3aa3f5d (webtiles) character file.

564 Moloch the Chopper (level 7, 0/44 HPs)
             Began as a Gargoyle Fighter on Aug 5, 2017.
             Was a Follower of Okawaru.
             Slain by an ogre
             ... wielding a +0 giant spiked club
              (28 damage)
             ... on level 4 of the Dungeon.
             The game lasted 00:07:08 (3138 turns).

Moloch the Chopper (Gargoyle Fighter)               Turns: 3138, Time: 00:07:09

Health: 0/44       AC: 14    Str: 19    XL:     7   Next: 32%
Magic:  7/7        EV:  5    Int:  7    God:    Okawaru [*.....]
Gold:   163        SH: 12    Dex: 11    Spells: 6/6 levels left

rFire    + . .     SeeInvis .   a - +0 war axe
rCold    . . .     Gourm    .   c - +0 shield
rNeg     + . .     Faith    .   u - +1 chain mail {rF+}
rPois    ∞         Spirit   .   (no helmet)
rElec    +         Reflect  +   (no cloak)
rCorr    .         Harm     .   (no gloves)
MR       .....                  (no boots)
Stlth    ..........             e - +3 amulet of reflection
HPRegen  0.14/turn              x - -2 ring of intelligence (curse)
MPRegen  0.10/turn              (no ring)

@: no status effects
A: negative energy resistance 1, electricity resistance, unbreathing,
petrification resistance, rot immunity, AC +4
a: Heroism, Renounce Religion


You were on level 4 of the Dungeon.
You worshipped Okawaru.
Okawaru was aware of your devotion.
You were not hungry.

You visited 1 branch of the dungeon, and saw 4 of its levels.

You collected 163 gold pieces.

Inventory:

Hand Weapons
 a - a +0 war axe (weapon)
 t - a cursed -3 flail
Missiles
 m - a javelin (quivered)
Armour
 c - a +0 shield (worn)
 u - a +1 chain mail of fire resistance (worn)
Jewellery
 e - a +3 amulet of reflection (around neck)
 x - a cursed -2 ring of intelligence (left hand)
Scrolls
 g - a scroll of magic mapping {unknown}
 j - a scroll of fog {unknown}
 l - 2 scrolls of immolation {unknown}
 n - a scroll of fear {unknown}
 o - 2 scrolls of identify {unknown}
 q - a scroll of recharging {unknown}
 r - a scroll of teleportation {unknown}
 s - a scroll of blinking {unknown}
Potions
 b - a potion of curing
 d - 2 potions of might
 i - a potion of haste {unknown}
 p - 2 potions of agility {unknown}
 v - a potion of brilliance {unknown}
Books
 w - a book of Minor Magic

   Spells                             Type                      Level
   a - Magic Dart                     Conjuration                  1
   b - Blink                          Translocation                2
   c - Call Imp                       Summoning                    2
   d - Slow                           Hexes                        2
   e - Conjure Flame                  Conjuration/Fire             3
   f - Mephitic Cloud                 Conjuration/Poison/Air       3
Comestibles
 f - 2 bread rations
 k - 2 meat rations


   Skills:
 + Level 5.4 Fighting
 + Level 6.1 Axes
 - Level 3.2 Armour
 - Level 3.2 Shields


You had 6 spell levels left.
You didn't know any spells.

Dungeon Overview and Level Annotations

Branches:
Dungeon (4/15)
 Temple: D:4-7

Altars:
Ashenzari
Cheibriados
Okawaru
Ru
Uskayaw
Wu Jian
Xom

Annotations:
D:4 2 transporters


Innate Abilities, Weirdness & Mutations

You are resistant to torment.
Your stone body is resilient. (AC +4)
You are immune to poison.
You resist negative energy. (rN+)
You are resistant to electric shocks. (rElec)
You can survive without breathing.
You are immune to petrification.
You are immune to rotting.


Message History

Throwing (i - inventory):
m - 3 javelins (quivered)
Press: ? - help, Shift-Dir - straight line, f/p - ogre
Aim: an ogre, wielding a giant spiked club (lightly wounded)
You throw a javelin. The javelin barely misses the ogre.
Throwing (i - inventory):
m - 2 javelins (quivered)
Press: ? - help, Shift-Dir - straight line, f/p - ogre
Aim: an ogre, wielding a giant spiked club (lightly wounded)
You throw a javelin. The javelin hits the ogre.
The ogre is lightly wounded.
You block the ogre's attack.
You slash the ogre!
The ogre is moderately wounded.
The ogre hits you with a giant spiked club!
You completely miss the ogre.
The ogre is moderately wounded.
You slash the ogre!
The ogre is severely wounded.
The ogre hits you with a giant spiked club!!
Ouch! That really hurt!
You die...

# #..........# #
##..........## #
#............#
#............#
#............. ###
#............. ###.##
####...(........#
##....#
####....(..........#
......#
####..@O(####.........#
......#####<....####
##.......##
......##......###
##.....##
...........#### ##.####
..[..#..#### #.#
....##..#### #.#
....##.....## #.#
...####.....## ##.#
...# #......# #..#


You could see an ogre.

Vanquished Creatures
  Sigmund (D:2)
  2 phantoms
  A centaur skeleton (D:4)
  An orc priest (D:3)
  An orc wizard (D:2)
  7 adders
  A worm (D:4)
  11 dart slugs (D:3)
  2 leopard geckos (D:1)
  3 orcs (D:3)
  10 bats
  3 giant cockroaches (D:2)
  6 hobgoblins
  2 jackals (D:3)
  A quokka (D:3)
  7 frilled lizards
  8 goblins
  5 kobolds
  4 rats
76 creatures vanquished.

Notes
Turn   | Place    | Note
-------+----------+-------------------------------------------
     0 | D:1      | Moloch the Gargoyle Fighter began the quest for the Orb.
     0 | D:1      | Reached XP level 1. HP: 14/14 MP: 1/1
   184 | D:1      | Reached XP level 2. HP: 20/20 MP: 2/2
   261 | D:1      | Reached skill level 2 in Axes
   355 | D:2      | Reached XP level 3. HP: 24/24 MP: 3/3
   375 | D:2      | Noticed a hand axe
   375 | D:2      | Noticed a dagger
   378 | D:2      | Found a hide-covered altar of Uskayaw.
   422 | D:2      | Found a sacrificial altar of Ru.
   479 | D:2      | Reached XP level 4. HP: 30/30 MP: 4/4
   509 | D:2      | Noticed Sigmund
   795 | D:2      | Found an iron altar of Okawaru.
   816 | D:2      | Became a worshipper of Warmaster Okawaru
   861 | D:2      | Found an ornate altar of the Wu Jian Council.
   867 | D:2      | Reached skill level 3 in Axes
  1405 | D:3      | Reached XP level 5. HP: 27/34 MP: 5/5
  1560 | D:3      | Found a snail-covered altar of Cheibriados.
  1699 | D:3      | Reached skill level 4 in Axes
  1792 | D:3      | Found a shimmering altar of Xom.
  2052 | D:4      | Found a transporter.
  2072 | D:4      | Reached skill level 5 in Fighting
  2072 | D:4      | Reached XP level 6. HP: 28/40 MP: 6/6
  2073 | D:4      | Found a transporter.
  2202 | D:4      | Noticed a phantom
  2242 | D:3      | Killed a phantom
  2242 | D:3      | Reached skill level 5 in Axes
  2564 | D:2      | Killed Sigmund
  2564 | D:2      | Reached * piety under Okawaru
  2564 | D:2      | Reached XP level 7. HP: 35/44 MP: 7/7
  2729 | D:4      | Found a shattered altar of Ashenzari.
  3002 | D:4      | Reached skill level 6 in Axes
  3138 | D:4      | Slain by an ogre

Vault maps used:
D:1:      saegor_arrival_simple_f
D:2:      lemuel_doored_altar, lemuel_round_altar,
          nicolae_ru_great_annihilating_truth, dancing_weapons_uskayaw,
          first_bread, uniq_sigmund
D:3:      kennysheep_slugbush, overflow_temple_1_default, kennysheep_slug_shrine
D:4:      gammafunk_steamed_eel, lemuel_blue_sif_altar,
          nemelex_xobeh_ov_fountains_minmay, overflow_temple_1_default

Skill      XL: |  1  2  3  4  5  6  7 |
---------------+----------------------+-----
Axes           | 2 3 4 5 6 |  6.1
Fighting       | 4 5 |  5.4
Armour         | |  3.2
Shields        | |  3.2

Action                   |  1- 3 |  4- 6 |  7- 9 || total
-------------------------+-------+-------+-------++-------
Melee: War axe           |    61 |   231 |    40 ||   332
Throw: Javelin           |       |     2 |     3 ||     5
  Eat: Chunk             |       |     5 |     1 ||     6
       Royal jelly       |       |       |     1 ||     1
Armor: Scale mail        |    41 |   114 |       ||   155
       Chain mail        |       |     5 |    12 ||    17
Dodge: Dodged            |    11 |    64 |     6 ||    81
Block: Shield            |    37 |   141 |    13 ||   191
       Reflection        |       |     7 |       ||     7
